 Dungeon Crawl Stone Soup version 0.28-a0-1227-ga9037bb4c8 (webtiles) character file.

Game seed: 18442041559168205632

235 spiderkeys the Slasher (level 6, 0/76 HPs)
             Began as a Barachi Abyssal Knight on Dec 22, 2021.
             Was a Believer of Lugonu.
             Slain by a goblin (2 damage)
             ... led by Robin
             ... while paralysed by Grinder
             ... on level 4 of the Dungeon.
             The game lasted 00:04:43 (2712 turns).

spiderkeys the Slasher (Barachi Abyssal Knight)     Turns: 2712, Time: 00:04:44

Health: 0/76       AC: 23    Str: 17    XL:     6   Next: 6%
Magic:  7/7        EV:  2    Int: 10    God:    Lugonu [**....]
Gold:   71         SH:  0    Dex: 12    Spells: 5/5 levels left

rFire   . . .      SeeInvis .   a - +2 scimitar (freeze)
rCold   . . .      Faith    .   (no shield)
rNeg    . . .      Spirit   .   (armour currently unavailable)
rPois   +          Reflect  .   (helmet currently unavailable)
rElec   .          Harm     .   (cloak currently unavailable)
rCorr   .          Rampage  .   (gloves currently unavailable)
Will    .....      NoTele   +   (boots currently unavailable)
Stlth   +.........              (no amulet)
HPRegen 0.22/turn               (no ring)
MPRegen 0.10/turn               (no ring)

@: paralysed, mighty, tree-form, unable to hop
A: stationary, stasis, torment immunity, boosted hp, (amphibious), (slowness 1),
(strong legs 1), +LOS
a: Renounce Religion, Depart the Abyss, Bend Space


You were on level 4 of the Dungeon.
You worshipped Lugonu.
Lugonu was pleased with you.
You were a tree.
You visited 1 branch of the dungeon, and saw 4 of its levels.
You visited the Abyss 1 time.

You collected 71 gold pieces.


Innate Abilities, Weirdness & Mutations

You are a tree.
Your roots penetrate the ground, keeping you stationary.
You cannot be teleported.
You are immune to unholy pain and torment.
Your maximum health is greatly increased.
Your equipment is partially melded.
((You are amphibious.))
((You cover ground slowly.))
((You can hop short distances.))
You have an extended range of vision and can be seen from far away.


   Skills:
 + Level 5.0 Fighting
 * Level 5.4 Long Blades
 + Level 4.2 Armour
 - Level 1.1 Dodging
 - Level 1.6 Invocations


You had 5 spell levels left.
You didn't know any spells.
Your spell library contained the following spells:

 Spells                   Type           Power      Damage    Failure   Level
 Sublimation of Blood     Necr           0%         N/A       50%         2
 Petrify                  Tmut/Erth      0%         N/A       98%         4
 Irradiate                Conj/Tmut      0%         3d13      100%        5

Inventory:

Hand Weapons
 a - a +2 scimitar of freezing (weapon)
   (You acquired it on level 1 of the Abyss)
 b - a +0 hunting sling
   (You took it off a hobgoblin on level 1 of the Dungeon)
 d - a +1 falchion
Missiles
 c - 20 bolts
 e - 77 stones
 h - 3 boomerangs
 l - 6 poisoned darts
 n - 22 arrows
Armour
 f - a +2 pair of gloves (melded)
   (You found it on level 1 of the Dungeon)
 g - a +1 leather armour
 i - a +0 scale mail (melded)
   (You found it on level 1 of the Dungeon)
Jewellery
 A - an amulet of the acrobat
   (You found it on level 1 of the Dungeon)
Potions
 m - a potion of might

Dungeon Overview and Level Annotations

Branches:
Dungeon (4/15)
 Temple: D:4-7

Altars:

Shops:
D:4 =

Annotations:
D:2 Sigmund
D:4 Dowan, Duvessa, Eustachio, Grinder, Robin

#......#......5.∩.......
#.....>+.............)..
##.....#................
#.^...#................
#.....#...........w....
#..........§...$.
#.......ee5......
#......gggg......
#......g♣ggg.w.S.
#......gggg......
#......$w........
#................
#..........[.....
#................
#................
#................
#.........?......


You could see Grinder, Duvessa, Dowan, a worm, Robin, an adder, a white imp, 2
dart slugs, 2 hobgoblins and 9 goblins.


Message History

The bat hits you. The bat closely misses you. The river rat bites you.
Eustachio mumbles some strange words. 😕 HP[-7]
You take 7 damage, and now have 40/51 hp.
The bat barely misses you.
The river rat bites you but does no damage.
Eustachio hits you but does no damage.
The white imp hits you but does no damage.
You closely miss Eustachio. The ufetubus hits you. x2
The river rat bites you. x2
The ufetubus hits you but does no damage.
The ufetubus barely misses you.
Eustachio mumbles some strange words.
Eustachio blinks!
The white imp hits you. The white imp freezes you.
* * * LOW HITPOINT WARNING * * *
😨 HP[-16]
You take 16 damage, and now have 24/51 hp.
MASSIVE DAMAGE!! (PAUSE)
The bat hits you but does no damage. The river rat bites you.
* * * LOW HITPOINT WARNING * * *
Eustachio casts a spell.
The bat hits you but does no damage.
The river rat bites you but does no damage. 😨 HP[-3]
You take 3 damage, and now have 21/51 hp.
As you read the scroll labelled LOEGYCA WO KOI, it crumbles to dust.
You feel strangely unstable.
It was a scroll of teleportation.
The river rat disappears in a puff of smoke!
The bat barely misses you. x2; The bat hits you but does no damage.
Eustachio hits you with a +0 rapier!
* * * LOW HITPOINT WARNING * * *
The bat hits you but does no damage.
The ufetubus hits you but does no damage. x2
The river rat barely misses you. 😨 HP[-8]
You take 8 damage, and now have 13/51 hp.
Space bends around you!
You blink.
Eustachio mumbles some strange words.
Eustachio blinks! 😱 HP[-2] MP[-1]
You take 2 damage, and now have 11/51 hp.
You lost 1 mp, and now have 6/7 mp.
The bat barely misses you. The bat closely misses you. The bat misses you.
The bat completely misses you.
Eustachio mumbles some strange words.
Eustachio blinks!
You closely miss the bat.
Your surroundings suddenly seem different. 11 goblins, a white imp, Duvessa, Dowan, Grinder, Robin and a dart slug come into view.
Robin is wielding a +0 spear and wearing a +1 helmet of see invisible.
Found five items.
Found Feinupp's Jewellery Boutique.
The goblin shouts! x3; The hobgoblin shouts!
The goblin shouts! x3
The hobgoblin shouts!
Grinder shouts!
The white imp shouts, "Get thee hence, thou currish dismal-dreaming pignut!"
A dart slug comes into view.
The goblin closely misses you.
Dowan gestures wildly while chanting.
Dowan blinks!
Robin throws the goblin at you!
You aren't carrying any scrolls.
It was a potion of might.
You feel very mighty all of a sudden.
A worm comes into view.
The goblin hits you but does no damage. x2
Robin roars a battlecry!
The goblins go into a battle-frenzy!
The goblin hits you but does no damage. x2 😱 HP[+1] It was a potion of lignification.
You turn into a tree.
Your +2 pair of gloves melds into your body.
Your +0 scale mail melds into your body.
Your roots penetrate the ground.
Grinder gestures at you.
You suddenly lose the ability to move!
The goblin hits you with a +4 dagger.
* * * LOW HITPOINT WARNING * * *
The goblin hits you but does no damage. Robin throws the goblin at you!
The goblin hits you but does no damage. x2; The goblin barely misses you.
The goblin hits you with a +0 dagger.
* * * LOW HITPOINT WARNING * * *
The goblin hits you but does no damage. Duvessa says, "Did you see that move?
Perfect!"
The goblin hits you but does no damage. x5
The goblin hits you but does no damage. x2
An adder comes into view.
The goblin hits you but does no damage. x2; Robin throws the goblin at you!
The goblin hits you but does no damage. x3
The goblin hits you with a +0 dagger.
* * * LOW HITPOINT WARNING * * *
The goblin hits you with a +0 club.
* * * LOW HITPOINT WARNING * * *
The goblin hits you with a +4 dagger.
* * * LOW HITPOINT WARNING * * *
The goblin hits you but does no damage. x2; The goblin hits you with a +0 club.
* * * LOW HITPOINT WARNING * * *
The goblin barely misses you. The goblin hits you but does no damage.
The adder hisses angrily.
Grinder blinks!
The goblin hits you but does no damage. The goblin hits you with a +0 club.
You die...

Skill      XL: |  1  2  3  4  5 |
---------------+----------------+-----
Long Blades    | 3 4 5 |  5.4
Fighting       | 4 5 |  5.0
Armour         | 3 4 |  4.2
Dodging        | |  1.1
Invocations    | |  1.6

Action                   |  1- 3 |  4- 6 || total
-------------------------+-------+-------++-------
Melee: Scimitar          |    72 |   100 ||   172
 Fire: Hunting sling     |     9 |       ||     9
Invok: Depart the Abyss  |     1 |       ||     1
       Bend Space        |       |     1 ||     1
 Abil: Hop               |       |     2 ||     2
  Use: Scroll            |     4 |     1 ||     5
       Potion            |       |     2 ||     2
Armor: Leather armour    |    14 |       ||    14
       Scale mail        |    11 |   102 ||   113
       Skin              |       |    22 ||    22
Dodge: Dodged            |    44 |    79 ||   123

Levels and vault maps discovered:
D:1:      onia_arrival_mini_maze_b, layout_rooms, minmay_ruptured
D:2:      layout_basic, uniq_sigmund
D:3:      layout_rooms
D:4:      layout_basic, serial_shops, shop, uniq_robin, uniq_menkaure,
          uniq_grinder, uniq_duvessa, uniq_eustachio

Notes
Turn   | Place    | Note
-------+----------+-------------------------------------------
     0 | Abyss:1  | spiderkeys the Barachi Abyssal Knight began the quest for
                  | the Orb.
     0 | Abyss:1  | Reached XP level 1. HP: 18/18 MP: 2/2
     0 | Abyss:1  | magus.rc [v1.9.10]
    39 | Abyss:1  | Noticed a neqoxec
    39 | Abyss:1  | Noticed a thrashing horror
    42 | Abyss:1  | HP: 3/18 [thrashing horror (15)]
    43 | Abyss:1  | Identified a scroll of acquirement
    43 | D:1      | You pass through the gate.
    43 | D:1      | Escaped the Abyss
   293 | D:1      | Acquired a +2 scimitar of freezing
   469 | D:1      | Reached XP level 2. HP: 18/25 MP: 3/3
   627 | D:1      | Reached * piety under Lugonu
   628 | D:1      | Reached skill level 3 in Long Blades
   884 | D:1      | Reached skill level 4 in Fighting
   884 | D:1      | Reached XP level 3. HP: 28/30 MP: 4/4
   920 | D:1      | Reached skill level 3 in Armour
  1380 | D:2      | Reached skill level 4 in Long Blades
  1380 | D:2      | Reached XP level 4. HP: 34/37 MP: 5/5
  1635 | D:2      | Noticed Sigmund
  1934 | D:3      | You pick up a book of Alchemy and begin reading...
  1934 | D:3      | You add the spells Sublimation of Blood, Petrify and
                  | Irradiate to your library.
  1981 | D:3      | Reached ** piety under Lugonu
  2143 | D:3      | Reached XP level 5. HP: 30/43 MP: 6/6
  2529 | D:4      | Noticed a centaur
  2535 | D:4      | Killed a centaur
  2536 | D:4      | Reached skill level 5 in Fighting
  2536 | D:4      | Reached skill level 5 in Long Blades
  2536 | D:4      | Reached skill level 4 in Armour
  2536 | D:4      | Reached XP level 6. HP: 45/51 MP: 7/7
  2692 | D:4      | Noticed Eustachio
  2706 | D:4      | Found Feinupp's Jewellery Boutique.
  2706 | D:4      | Noticed Robin
  2706 | D:4      | Noticed Grinder
  2706 | D:4      | Noticed Duvessa
  2706 | D:4      | Noticed Dowan
  2708 | D:4      | Paralysed by Grinder for 6 turns
  2708 | D:4      | HP: 16/76 [goblin[Robin] (2)]
  2711 | D:4      | HP: 5/76 [goblin[Robin] (3)]
  2711 | D:4      | HP: 1/76 [goblin[Robin] (4)]
  2712 | D:4      | Slain by a goblin

Vanquished Creatures
  A centaur (D:4)
  A bullfrog zombie (D:3)
  An orc wizard (D:3)
  2 adders (D:2)
  2 worms
  2 dart slugs (D:1)
  4 orcs (D:3)
  5 ball pythons
  5 endoplasms
  6 giant cockroaches
  7 goblins
  7 hobgoblins
  3 jackals (D:3)
  2 kobolds
  A quokka (D:1)
  6 bats
  7 frilled lizards
  5 rats
67 creatures vanquished.

Table legend:
 A = Non-vault XP
 B = Vault XP
 C = Vault XP percentage of total XP
 D = Non-vault monster count
 E = Vault monster count
 F = Vault count percentage of total count
                 A         B        C        D         E       F
            +---------+---------+-------+---------+---------+-------
      Total |     332 |       5 |   1.5 |      64 |       3 |   4.5
            +---------+---------+-------+---------+---------+-------
        D:1 |      47 |       5 |   9.6 |      25 |       3 |  10.7
        D:2 |      49 |       0 |   0.0 |      14 |       0 |   0.0
        D:3 |     123 |       0 |   0.0 |      22 |       0 |   0.0
        D:4 |     113 |       0 |   0.0 |       3 |       0 |   0.0
            +---------+---------+-------+---------+---------+-------

Illustrated notes

Table legend:
 A = Kills in this place as a percentage of kills in entire the game.
 B = Kills by you in this place as a percentage of kills by you in the entire game.
 C = Kills by friends in this place as a percentage of kills by friends in the entire game.
 D = Other kills in this place as a percentage of other kills in the entire game.
 E = Experience gained in this place as a percentage of experience gained in the entire game.
 F = Experience gained in this place divided by the number of levels of this place that you have seen.
                   A       B       C       D       E      F
               +-------+-------+-------+-------+-------+----------------------
         Total | 100.0 | 100.0 |   N/A |   N/A | 100.0 |  67.4
       Dungeon | 100.0 | 100.0 |   N/A |   N/A | 100.0 |  84.2
               +-------+-------+-------+-------+-------+----------------------

Table legend: (Time is in decaauts)
 A = Elapsed time spent in this place.
 B = Non-inter-level travel time spent in this place.
 C = Inter-level travel time spent in this place.
 D = Time resting spent in this place.
 E = Time spent auto-exploring this place.
 F = Levels seen in this place.
 G = Mean time per level.
                   A        B        C        D        E       F      G
               +--------+--------+--------+--------+--------+-----+--------+
         Total |   2982 |   2946 |     36 |    254 |   2139 |   5 |  596.4 |
       Dungeon |   2931 |   2895 |     36 |    254 |   2112 |   4 |  732.8 |
         Abyss |     51 |     51 |      0 |      0 |     27 |   1 |   51.0 |
               +--------+--------+--------+--------+--------+-----+--------+

Top non-repeatable levels by time:
     D:1: 1303 daAuts
     D:3: 955 daAuts
     D:2: 471 daAuts
     D:4: 201 daAuts
 Abyss:1: 51 daAuts
